 Dungeon Crawl Stone Soup version 0.32-a0-391-gce5c0aa (webtiles) character file.

Game seed: 7300377293023907780

499 Nithhogg the Covered (level 6, -11/56 HPs)
             Began as a Mountain Dwarf Fighter on Feb 19, 2024.
             Was a Follower of Qazlal.
             Mangled by an ogre
             ... wielding a +0 giant spiked club
              (22 damage)
             ... on level 5 of the Dungeon.
             The game lasted 00:04:20 (3687 turns).

Nithhogg the Covered (Mountain Dwarf Fighter)       Turns: 3687, Time: 00:04:21

Health: -11/56     AC:  7    Str: 20    XL:     6   Next: 94%
Magic:  9/9        EV:  9    Int:  9    God:    Qazlal [*.....]
Gold:   142        SH:  1    Dex:  9    Spells: 5/5 levels left

rFire   . . .        a - +0 war axe
rCold   . . .        (no shield)
rNeg    . . .        b - +0 scale mail
rPois   .            (no helmet)
rElec   .            (no cloak)
rCorr   .            (no gloves)
SInv    .            (no boots)
Will    .....        (no amulet) Stlth
                     i - ring of flight
HPRegen 0.29/turn    (no ring)
MPRegen 0.11/turn

%: no passive effects
@: flying
A: runic magic, artefact enchanting
a: Renounce Religion


You were on level 5 of the Dungeon.
You worshipped Qazlal.
Qazlal was aware of your devotion.
You visited 1 branch of the dungeon, and saw 5 of its levels.

You collected 142 gold pieces.

Inventory:

Hand Weapons
 a - a +0 war axe (weapon)
 r - the +8 dagger of Chaos {antimagic, rPois Int-3 Stlth+}
   (You took it off a kobold on level 2 of the Dungeon)

   Int-3:     It affects your intelligence (-3).
   rPois:     It protects you from poison Stlth+: It makes you more stealthy.
 w - a +2 trident of freezing
Missiles
 f - 10 poisoned darts (quivered)
 s - 5 silver javelins
Armour
 b - a +0 scale mail (worn)
 c - a +0 buckler
Jewellery
 i - a ring of flight (left hand)
 u - a +6 ring of intelligence
Wands
 j - a wand of charming (7)
Scrolls
 e - 3 scrolls of identify {unknown}
 g - a scroll of poison {unknown}
 h - a scroll of enchant armour {unknown}
 k - a scroll of summoning {unknown}
 l - a scroll of vulnerability {unknown}
 o - 2 scrolls of silence {unknown}
 p - a scroll of teleportation {unknown}
 v - a scroll of amnesia {unknown}
Potions
 d - 2 potions of might
 m - a potion of lignification {unknown}
 n - a potion of curing {unknown}
 q - a potion of ambrosia {unknown}
 t - a potion of haste {unknown}


   Skills:
 + Level 5.1 Fighting
 + Level 5.0 Axes
 + Level 5.1 Armour
 - Level 3.2 Shields
 + Level 4.5 Invocations


You had 5 spell levels left.
You didn't know any spells.
Your spell library contained the following spells:

 Spells                   Type           Power      Damage    Failure   Level
 Apportation              Tloc           0%         N/A       45%         1
 Necrotise                Necr           0%         1d4       45%         1
 Sting                    Conj/Alch      0%         1d3       45%         1
 Summon Small Mammal      Summ           0%         N/A       45%         1
 Malign Gateway           Summ/Tloc      0%         N/A       100%        7
 Summon Horrible Things   Summ           0%         N/A       100%        8


Dungeon Overview and Level Annotations

Branches:
Dungeon (5/15)
 Temple: D:4-7

Altars:
Cheibriados
Gozag
Qazlal
Ru
Sif Muna


Innate Abilities, Weirdness & Mutations

Your spellcasting is much less encumbered by armour.
You can use scrolls of enchantment on lesser artefacts.


Message History

You kill the jackal!
Qazlal accepts your kill.
Your Axes skill increases to level 5!
An ogre comes into view. It is wielding a +0 giant spiked club.
Found a mace.
The jackal barely misses you.
You closely miss the jackal.
The jackal bites you but does no damage.
A black bear comes into view.
The jackal barely misses you.
You hit the jackal but do no damage.
The jackal bites you but does no damage.
The jackal closely misses you.
You barely miss the ogre. You slash the jackal!
You kill the jackal!
Qazlal accepts your kill.
A scorpion comes into view.
The ogre hits you with a +0 giant spiked club.
You hit the ogre.
The ogre is lightly wounded.
The ogre barely misses you.
You barely miss the ogre.
The ogre is lightly wounded.
You hit the ogre.
The ogre is lightly wounded.
The ogre hits you with a +0 giant spiked club!!
Ouch! That really hurt!
The black bear bites you but does no damage.
You block the black bear's attack.
The black bear claws you but does no damage.
You are too injured to fight recklessly!
You are too injured to fight recklessly!
You are too injured to fight recklessly!
You are too injured to fight recklessly!
The ogre attacks as it pursues you!
The ogre hits you with a +0 giant spiked club!
* * * LOW HITPOINT WARNING * * *
The ogre attacks as it pursues you!
The ogre hits you with a +0 giant spiked club!!
You die...

## #.. ###### .. .#...##
.. ......## .### ###
.......# ..# ##...
.......##########.###...##
................@O○.>.....
......############.h..###
.#...## #s.### ######
###†.########
#...........#
#....###........ ..###
#.†....... # #.........
..........


You could see a black bear and an ogre.

Vanquished Creatures
  A scorpion (D:5)
  A howler monkey (D:4)
  A bombardier beetle (D:4)
  A sleepcap (D:4)
  Terence (D:2)
  An orc wizard (D:4)
  An iguana (D:4)
  9 adders
  2 shadow imps
  2 ribbon worms
  11 orcs (D:4)
  7 endoplasms
  2 giant cockroaches
  8 goblins
  12 hobgoblins
  4 jackals (D:5)
  4 quokkas
  5 ball pythons
  4 bats
  4 frilled lizards
  10 kobolds
  4 rats
95 creatures vanquished.

Notes
Turn   | Place    | Note
-------+----------+-------------------------------------------
     0 | D:1      | Nithhogg the Mountain Dwarf Fighter began the quest for the
                  | Orb.
     0 | D:1      | Reached XP level 1. HP: 19/19 MP: 1/1
    41 | D:1      | Reached skill level 1 in Invocations
    41 | D:1      | Reached XP level 2. HP: 26/26 MP: 2/2
   171 | D:1      | Reached XP level 3. HP: 33/33 MP: 4/4
   804 | D:2      | Reached XP level 4. HP: 40/40 MP: 5/5
   960 | D:2      | Noticed Terence
   975 | D:2      | Killed Terence
  1413 | D:2      | Reached XP level 5. HP: 43/46 MP: 7/7
  1620 | D:2      | Identified the +8 dagger of Chaos {antimagic, rPois Int-3
                  | Stlth+}
  2223 | D:3      | Found a snail-covered altar of Cheibriados.
  2363 | D:3      | Found a faded altar of an unknown god.
  2509 | D:3      | Found a stormy altar of Qazlal.
  2513 | D:3      | Found a shimmering blue altar of Sif Muna.
  2522 | D:3      | Became a worshipper of Qazlal Stormbringer
  2677 | D:4      | Reached XP level 6. HP: 38/53 MP: 8/8
  3100 | D:4      | Found a sacrificial altar of Ru.
  3102 | D:4      | Found an opulent altar of Gozag.
  3376 | D:4      | Reached * piety under Qazlal
  3377 | D:4      | Reached skill level 5 in Armour
  3380 | D:4      | Reached skill level 5 in Fighting
  3518 | D:5      | Entered Level 5 of the Dungeon
  3518 | D:5      | Noticed a water moccasin
  3673 | D:5      | Reached skill level 5 in Axes
  3687 | D:5      | Mangled by an ogre

Illustrated notes

Levels and vault maps discovered:
D:1:      enne_arrival_octagon_isle, layout_rooms, moated_statue,
          serial_bayou_lagoon_a, serial_bayou_pond_e,
          chequers_serial_rivers_micro_a
D:2:      minmay_chambers_of_ones, layout_loops_corners, uniq_terence
D:3:      layout_loops_ring, grunt_temple_overflow_open,
          shapermc_ecumenical_altar_flowoftime
D:4:      layout_basic, gammafunk_temple_overflow_pools
D:5:      layout_rooms, minmay_temple_entry_drinking_statues

Skill      XL: |  1  2  3  4  5  6 |
---------------+-------------------+-----
Invocations    | 1 2 3 4 |  4.5
Axes           | 3 4 5 |  5.0
Fighting       | 4 5 |  5.1
Armour         | 4 5 |  5.1
Shields        | |  3.2

Action                     |  1- 3 |  4- 6 || total
---------------------------+-------+-------++-------
  Melee: War axe           |    80 |   309 ||   389
    Use: Potion            |       |     1 ||     1
 Armour: Scale mail        |    72 |   253 ||   325
  Dodge: Dodged            |    56 |   180 ||   236
  Block: Other             |       |     2 ||     2

Table legend: (Time is in decaauts)
 A = Elapsed time spent in this place.
 B = Non-inter-level travel time spent in this place.
 C = Inter-level travel time spent in this place.
 D = Time resting spent in this place.
 E = Time spent auto-exploring this place.
 F = Levels seen in this place.
 G = Mean time per level.
                   A        B        C        D        E       F      G
               +--------+--------+--------+--------+--------+-----+--------+
         Total |   3814 |   3581 |    233 |      0 |   2708 |   5 |  762.8 |
       Dungeon |   3814 |   3581 |    233 |      0 |   2708 |   5 |  762.8 |
               +--------+--------+--------+--------+--------+-----+--------+

Top non-repeatable levels by time:
     D:2: 1386 daAuts
     D:4: 977 daAuts
     D:3: 767 daAuts
     D:1: 565 daAuts
     D:5: 117 daAuts
